 Dungeon Crawl Stone Soup version 0.18.1-6-gd335043 (webtiles) character file.

429 rutigerpupkin the Digger (level 6, -5/32 HPs)
             Began as a Gargoyle Earth Elementalist on May 16, 2016.
             Killed by nerve-wracking pain
             ... invoked by Grinder
              (14 damage)
             ... on level 3 of the Dungeon.
             The game lasted 00:11:44 (2771 turns).

rutigerpupkin the Digger (GrEE)                     Turns: 2771, Time: 00:11:45

Health: -5/32      AC:  6    Str: 12    XL:     6   Next: 98%
Magic:  13/13      EV: 12    Int: 17    God:
Gold:   183        SH:  0    Dex: 10    Spells: 2 memorised, 11 levels left

rFire  . . .     SeeInvis +     q - +1 dagger (holy)
rCold  . . .     Gourm    .     a - +0 robe
rNeg   + . .     Faith    .     (no shield)
rPois  ∞         Spirit   .     (no helmet)
rElec  +         Dismiss  .     (no cloak)
rCorr  .         Reflect  .     (no gloves)
SustAt .         Harm     .     (no boots)
MR     .....                    t - amulet of magic regeneration
Stlth  ++........               r - ring of see invisible
                                m - ring of wizardry

@: not resistant to hostile enchantments, unstealthy
A: negative energy resistance 1, electricity resistance, unbreathing,
petrification resistance, rot immunity, AC +4
a: no special abilities


You were on level 3 of the Dungeon.
You were not hungry.

You visited 1 branch of the dungeon, and saw 4 of its levels.

You collected 183 gold pieces.

Inventory:

Hand Weapons
 q - a +1 dagger of holy wrath (weapon)
Missiles
 b - 166 stones (quivered)
Armour
 a - a +0 robe (worn)
Jewellery
 m - a ring of wizardry (left hand)
 r - a ring of see invisible (right hand)
 t - an amulet of magic regeneration (around neck)
Scrolls
 e - a scroll of amnesia {unknown}
 i - 4 scrolls of remove curse {unknown}
 j - a scroll of magic mapping {unknown}
 l - 2 scrolls of blinking {unknown}
 n - a scroll of teleportation {unknown}
 w - a scroll of immolation {unknown}
 y - a scroll of identify {unknown}
 A - a scroll of random uselessness {unknown}
Potions
 o - 2 potions of curing {unknown}
 p - 2 potions of degeneration {unknown}
 s - a potion of lignification {unknown}
 u - 2 potions of haste {unknown}
 v - a potion of heal wounds {unknown}
 z - a potion of agility {unknown}
Books
 c - a book of Geomancy

   Spells                             Type                      Level
   a - Sandblast                      Earth                        1
   b - Passwall                       Transmutation/Earth          2
   c - Stone Arrow                    Conjuration/Earth            3
   d - Petrify                        Transmutation/Earth          4
   e - Lee's Rapid Deconstruction     Earth                        5
 B - a book of Clouds

   Spells                             Type                      Level
   a - Mephitic Cloud                 Conjuration/Poison/Air       3
   b - Conjure Flame                  Conjuration/Fire             3
   c - Poisonous Cloud                Conjuration/Poison/Air       6
   d - Freezing Cloud                 Conjuration/Ice/Air          6
   e - Ring of Flames                 Charms/Fire                  7
Comestibles
 d - a bread ration
 f - 2 chunks of flesh
 g - a meat ration
 h - a slice of pizza
 k - 2 beef jerkies


   Skills:
 - Level 1.5 Dodging
 - Level 2.1 Stealth
 + Level 5.0 Spellcasting
   Level 0.7 Transmutations
 + Level 6.8 Earth Magic


You had 11 spell levels left.
You knew the following spells:

 Your Spells              Type           Power        Failure   Level  Hunger
a - Sandblast             Erth           ####..       1%          1    None
e - Stone Arrow           Conj/Erth      ###...       4%          3    ###....


Dungeon Overview and Level Annotations

Branches:
Dungeon (4/15)
 Temple: D:4-7

Altars:

Annotations:
D:3 Grinder
D:4 Misericorde's ghost, novice DsGl


Innate Abilities, Weirdness & Mutations

You are resistant to torment.
Your stone body is resilient (AC +4).
You are immune to poison.
You resist negative energy.
You are resistant to electric shocks.
You can survive without breathing.
You are immune to petrification.
You are immune to rotting.


Message History

Grinder gestures at you.
You barely resist. Grinder gestures at you.
You suddenly lose the ability to move!
Grinder hits you!
* * * LOW HITPOINT WARNING * * *
You can move again.
Drink which item? (? for menu, Esc to quit)
Okay, then.
You aren't carrying any items that you can evoke.
Grinder gestures at you.
You barely resist.
You see here a club.
Things that are here:
a whip; a kobold skeleton Grinder gestures at you.
You resist with significant effort. Grinder gestures at you.
Pain shoots through your body!
You die...

#.#####.###.......#
###.####........#####.####
#....>..###.....##.......#
#.#.###.###.....##.##.##.#
# #.##...)...#.##.##.#
#.#..##.##.......#.##..#.#
#..........##.##.#.###.#.#
#.##.##.##...<##.#.###.#.#
......##....@..........#
#.##....##........####.###
# #.#...#...####.####.#
......#.........5..5.####
###...........##.#####)..##
.##........##.# #..)..####
###.........####.........
#.###.##...####..)......###
#....<...## #.###...#.#


You could see Grinder.

Vanquished Creatures
  2 ogres (D:4)
  A giant frog (D:4)
  2 hounds (D:4)
  A worker ant (D:4)
  A hound skeleton (D:4)
  4 adders
  An ooze (D:2)
  A worm (D:2)
  3 dart slugs
  2 giant geckos (D:2)
  An orc (D:4)
  4 giant cockroaches
  4 goblins
  9 hobgoblins
  4 kobolds
  A quokka (D:2)
  A ball python (D:2)
  9 bats
  2 giant newts (D:4)
  3 rats
56 creatures vanquished.

Notes
Turn   | Place    | Note
--------------------------------------------------------------
     0 | D:1      | rutigerpupkin the Gargoyle Earth Elementalist began the quest for the Orb.
     0 | D:1      | Reached XP level 1. HP: 10/10 MP: 3/3
   228 | D:1      | Reached XP level 2. HP: 13/15 MP: 3/5
   256 | D:1      | Reached skill level 4 in Earth Magic
   881 | D:2      | Reached XP level 3. HP: 19/19 MP: 2/6
  1328 | D:2      | Reached XP level 4. HP: 23/24 MP: 8/8
  1722 | D:3      | Noticed Grinder
  1730 | D:3      | Paralysed by Grinder for 3 turns
  1951 | D:4      | Noticed a giant frog
  1961 | D:4      | Killed a giant frog
  1961 | D:4      | Reached skill level 5 in Earth Magic
  1961 | D:4      | Reached XP level 5. HP: 6/28 MP: 5/10
  1970 | D:4      | Learned a level 3 spell: Stone Arrow
  2454 | D:4      | Noticed an ogre
  2470 | D:4      | Killed an ogre
  2470 | D:4      | Reached skill level 6 in Earth Magic
  2470 | D:4      | Reached XP level 6. HP: 32/32 MP: 1/12
  2571 | D:4      | Got an encrusted flail
  2602 | D:4      | Identified the +10 flail of Xanuseib {antimagic, Str+7 Int-3} (You found it on level 4 of the Dungeon)
  2706 | D:4      | Reached skill level 5 in Spellcasting
  2722 | D:4      | Noticed Misericorde's ghost (novice DsGl)
  2750 | D:3      | Paralysed by Grinder for 4 turns
  2771 | D:3      | Killed from afar by Grinder

Skill      XL: |  1  2  3  4  5  6 |
---------------+-------------------+-----
Earth Magic    | 4 5 6 |  6.8
Spellcasting   | 3 4 5 |  5.0
Dodging        | |  1.5
Stealth        | |  2.1
Transmutations | |  0.7

Action                   |  1- 3 |  4- 6 || total
-------------------------+-------+-------++-------
Melee: Club              |    41 |       ||    41
       Unarmed           |     1 |       ||     1
       Dagger            |    43 |    29 ||    72
 Cast: Sandblast         |    53 |    37 ||    90
       Stone Arrow       |       |    14 ||    14
  Eat: Chunk             |     2 |     5 ||     7
Armor: Robe              |    43 |    26 ||    69
Dodge: Dodged            |    64 |    40 ||   104
